 Dungeon Crawl Stone Soup version 0.17-a0-1651-gae1a69f (webtiles) character file.

9359 Riddler the Blocker (level 11, 0/82 HPs)
             Began as a Hill Orc Fighter on Aug 14, 2015.
             Was an Elder of Makhleb.
             Succumbed to poison (a potion of poison)
             ... on level 10 of the Dungeon.
             The game lasted 00:42:18 (12357 turns).

Riddler the Blocker (Hill Orc Fighter)             Turns: 12357, Time: 00:42:19

Health: 0/82       AC: 17    Str: 23    XL:     11   Next: 45%
Magic:  1/17       EV:  7    Int: 20    God:    Makhleb [****..]
Gold:   722        SH: 13    Dex: 10    Spells: 0 memorised, 10 levels left

rFire  . . .     SeeInvis .     a - +0 long sword
rCold  . . .     Clarity  .     g - +1 chain mail "Suats" {Int+2}
rNeg   . . .     SustAt   .     c - +1 shield
rPois  .         Gourm    .     (no helmet)
rElec  .         Spirit   +     w - +2 cloak
rCorr  .         Warding  .     (no gloves)
rMut   .         Stasis   .     u - +0 pair of boots
MR     +....                    s - amulet of guardian spirit
Stlth  ..........               H - ring of protection from magic
                                D - +5 ring of intelligence

@: brilliant, lethally poisoned (0 -> -6), flying, somewhat resistant to hostile
enchantments, extremely unstealthy
A: no striking features
a: Minor Destruction, Lesser Servant of Makhleb, Major Destruction, Renounce
Religion, Convert to Beogh


You were on level 10 of the Dungeon.
You worshipped Makhleb.
Makhleb was greatly pleased with you.
You were not hungry.

You visited 1 branch of the dungeon, and saw 10 of its levels.
You also visited: Sewer.

You collected 760 gold pieces.
You spent 38 gold pieces at shops.

Inventory:

Hand weapons
 a - a +0 long sword (weapon)
Missiles
 K - 11 javelins (quivered)
 O - 4 throwing nets
Armour
 c - a +1 shield (worn)
 g - the +1 chain mail "Suats" (worn) {Int+2}
   (You found it on level 8 of the Dungeon)

   It affects your intelligence (+2).
 m - a mottled dragon hide
 u - a +0 pair of boots (worn)
 w - a +2 cloak (worn)
Jewellery
 s - an amulet of guardian spirit (around neck)
 D - a +5 ring of intelligence (left hand)
 H - a ring of protection from magic (right hand)
 P - an uncursed amulet of clarity
Magical devices
 d - a wand of slowing (9)
 i - a wand of disintegration (11)
 B - a wand of draining (0)
 L - a wand of fire (3)
 Q - a wand of digging (14)
Scrolls
 j - 5 scrolls of teleportation
 k - a scroll of blinking
 p - 3 scrolls of enchant weapon
 q - 9 scrolls of remove curse
 t - 3 scrolls of fog
 v - 4 scrolls of enchant armour
 x - a scroll of recharging {unknown}
 y - a scroll of fear {unknown}
 z - a scroll of noise {unknown}
 G - 3 scrolls of amnesia
Potions
 h - a potion of cancellation
 l - a potion of magic
Books
 C - the Compendium of Hexes
   (You found it on level 5 of the Dungeon)

   Spells                             Type                      Level
   a - Confusing Touch                Hexes                        2
   b - Metabolic Englaciation         Hexes/Ice                    5
   c - Darkness                       Hexes                        6
 M - a book of the Tempests

   Spells                             Type                      Level
   a - Static Discharge               Conjuration/Air              3
   b - Lightning Bolt                 Conjuration/Air              5
   c - Fireball                       Conjuration/Fire             5
   d - Tornado                        Air                          9
   e - Shatter                        Earth                        9
 N - a book of Annihilations

   Spells                             Type                      Level
   a - Poison Arrow                   Conjuration/Poison           6
   b - Chain Lightning                Conjuration/Air              8
   c - Lehudib's Crystal Spear        Conjuration/Earth            8
   d - Glaciate                       Conjuration/Ice              9
   e - Fire Storm                     Conjuration/Fire             9
Comestibles
 e - 3 bread rations
 A - a beef jerky


   Skills:
 - Level 3.6 Fighting
 - Level 10.4 Long Blades
 - Level 10.1 Armour
 + Level 11.7 Shields
 + Level 8.1 Invocations


You had 10 spell levels left.
You didn't know any spells.

Dungeon Overview and Level Annotations

Branches:
Dungeon (10/15)            Temple (0/1) D:7
   Lair: D:8-11         Orc: D:9-12

Altars:
Cheibriados
Dithmenos
Elyvilon
Makhleb
Nemelex Xobeh
Ru
Sif Muna
Zin
The Shining One

Shops:
D:5 *   D:6 (

Annotations:
D:8 Erolcha


Message History

Okay, then.
Read which item? (? for menu, Esc to quit)
Okay, then.
You hit something.
* * * LOW HITPOINT WARNING * * *
You feel sick. Something hits you but does no damage.
You miss something.
* * * LOW HITPOINT WARNING * * *
You feel sick. You block its attack.
Your chain mail "Suats" prevents you from hitting something.
* * * LOW HITPOINT WARNING * * *
You feel sick. Something hits you but does no damage.
You closely miss something.
* * * LOW HITPOINT WARNING * * *
You feel sick.
You miss something.
You hear some strange, mumbled words.
Something tries to affect you, but you resist.
You slash something!
You die...

#........# #......#
#........###......#
#........#.'†.....#
#........#.#......#
#..........#......#
#............######
############..#
##.# #@# #{## #o.#
########.#
....o..#.#
.Y.....#.#
.....o.#)#
........)#
...[#.o###


You could see an orc priest.

Vanquished Creatures
  The ghost of Mandevil the Basher, an experienced OgAM of the Shining One (D:7)
  A hill giant (D:10)
  The ghost of kinazarov the Thaumaturge, an experienced DEVM of Sif Muna (D:6)
  Psyche (D:8)
  A troll (D:10)
  The ghost of Gargoyl the Skirmisher, an average DsAK of Lugonu (D:5)
  The ghost of Geomchi the Gusty, an average DsAE (D:3)
  A trapdoor spider zombie (D:9)
  A deep elf mage (D:9)
  6 yaks
  A wyvern (D:9)
  5 hippogriffs
  A wraith (D:9)
  Menkaure (D:4)
  A mottled dragon (D:7)
  2 water moccasins
  Purgy (Sewer)
  4 sky beasts
  2 phantoms
  A big kobold (D:6)
  2 orc warriors (D:10)
  6 ogres
  5 centaurs
  2 giant frogs
  A wyvern zombie (D:9)
  A wyvern skeleton (D:8)
  4 electric eels (D:6)
  5 scorpions
  3 killer bees (D:10)
  2 crimson imps
  A giant frog zombie (D:6)
  6 hounds
  A quasit (D:9)
  2 centaur zombies
  A jelly (D:5)
  6 orc priests
  Terence (D:2)
  2 iguanas
  4 worker ants
  8 orc wizards
  Robin (D:3)
  10 gnolls (D:6)
  2 worker ant zombies
  2 river rats (D:6)
  12 adders
  A shadow imp (D:9)
  3 oozes
  A worm (D:2)
  2 adder skeletons (D:5)
  8 giant geckos
  26 orcs
  2 giant cockroaches
  17 hobgoblins
  7 jackals
  10 quokkas
  4 ball pythons
  7 bats
  A giant gecko skeleton (D:8)
  8 giant newts
  41 goblins
  10 kobolds
  A quokka zombie (D:8)
  5 rats
278 creatures vanquished.

Vanquished Creatures (collateral kills)
  A gargoyle (D:9)
  A giant frog (D:6)
  A worm (D:6)
3 creatures vanquished.

Grand Total: 281 creatures vanquished

Notes
Turn   | Place    | Note
--------------------------------------------------------------
     0 | D:1      | Riddler the Hill Orc Fighter began the quest for the Orb.
     0 | D:1      | Reached XP level 1. HP: 19/19 MP: 1/1
   170 | D:1      | Reached XP level 2. HP: 26/26 MP: 2/2
   854 | D:2      | Reached XP level 3. HP: 25/31 MP: 3/3
   880 | D:2      | Noticed Terence
   888 | D:2      | Killed Terence
   888 | D:2      | Reached skill level 4 in Long Blades
  1012 | D:2      | Reached XP level 4. HP: 39/39 MP: 4/4
  1671 | D:3      | Reached skill level 5 in Long Blades
  1724 | D:3      | Noticed Geomchi's ghost (average DsAE)
  1730 | D:3      | Killed Geomchi's ghost
  1730 | D:3      | Reached skill level 6 in Long Blades
  1730 | D:3      | Reached XP level 5. HP: 30/45 MP: 3/5
  1730 | D:3      | Reached XP level 6. HP: 34/51 MP: 3/6
  1957 | D:3      | Found a glowing silver altar of Zin.
  2044 | D:3      | Noticed Robin
  2085 | D:3      | Reached skill level 7 in Long Blades
  2092 | D:3      | Killed Robin
  2813 | D:4      | Noticed Menkaure
  2830 | D:4      | Killed Menkaure
  2830 | D:4      | Reached skill level 8 in Long Blades
  2830 | D:4      | Reached XP level 7. HP: 40/57 MP: 2/7
  2911 | D:4      | Found a deep blue altar of Sif Muna.
  3400 | D:5      | Entered Level 5 of the Dungeon
  3424 | D:5      | Found Leahajoe's General Store.
  3446 | D:5      | Reached skill level 9 in Long Blades
  3449 | D:5      | Bought a scroll of magic mapping for 38 gold pieces
  3456 | D:5      | Found a white marble altar of Elyvilon.
  3556 | D:5      | Found a burning altar of Makhleb.
  3562 | D:5      | Became a worshipper of Makhleb the Destroyer
  3748 | D:5      | Noticed Gargoyl's ghost (average DsAK)
  3772 | D:5      | Killed Gargoyl's ghost
  3772 | D:5      | Reached skill level 10 in Long Blades
  3772 | D:5      | Reached XP level 8. HP: 52/64 MP: 6/8
  3775 | D:5      | Identified the Compendium of Hexes (You found it on level 5 of the Dungeon)
  4142 | D:5      | Found a snail-covered altar of Cheibriados.
  4205 | D:5      | Acquired Makhleb's first power
  4491 | D:6      | Found a glowing drain.
  4552 | Sewer    | Entered a sewer
  4578 | Sewer    | Noticed Purgy
  4600 | Sewer    | Killed Purgy
  4600 | Sewer    | Reached skill level 5 in Armour
  4600 | Sewer    | Reached skill level 5 in Shields
  5018 | D:6      | Found Qoyxeng's Weapon Shoppe.
  5127 | D:6      | Reached XP level 9. HP: 41/70 MP: 2/9
  5359 | D:6      | HP: 3/70 [poisoned by a water moccasin]
  5365 | D:6      | HP: 2/70 [poisoned by a water moccasin]
  5373 | D:6      | HP: 2/70 [poisoned by a water moccasin]
  6491 | D:6      | Noticed kinazarov's ghost (experienced DEVM)
  6508 | D:6      | Killed kinazarov's ghost
  6753 | D:6      | Acquired Makhleb's second power
  7089 | D:6      | Acquired Makhleb's third power
  8195 | D:7      | Noticed Mandevil's ghost (experienced OgAM)
  8227 | D:7      | Killed Mandevil's ghost
  8227 | D:7      | Reached XP level 10. HP: 42/77 MP: 4/10
  8460 | D:7      | Found a staircase to the Ecumenical Temple.
  8905 | D:8      | Noticed a hill giant
  9070 | D:8      | Found a shadowy altar of Dithmenos.
  9094 | D:8      | Noticed Erolcha
  9094 | D:8      | Noticed Psyche
  9193 | D:8      | Acquired Makhleb's fourth power
  9298 | D:8      | Found a glowing golden altar of the Shining One.
  9298 | D:8      | Found a sparkling altar of Nemelex Xobeh.
  9465 | D:8      | Found a sacrificial altar of Ru.
  9522 | D:8      | Killed Psyche
  9564 | D:8      | Got a smoking chain mail
  9565 | D:8      | Identified the +1 chain mail "Suats" {Int+2} (You found it on level 8 of the Dungeon)
  9619 | D:8      | Noticed a smoke demon
 10303 | D:9      | Reached skill level 10 in Armour
 10355 | D:9      | Reached skill level 1 in Invocations
 10401 | D:9      | Reached skill level 10 in Shields
 11194 | D:9      | Found a deep blue altar of Sif Muna.
 11557 | D:9      | Reached skill level 5 in Invocations
 11557 | D:9      | Reached XP level 11. HP: 82/82 MP: 14/14
 11769 | D:10     | Entered Level 10 of the Dungeon
 11769 | D:10     | Found a white marble altar of Elyvilon.
 11855 | D:10     | Reached skill level 11 in Shields
 11991 | D:10     | Noticed a hill giant
 11999 | D:10     | Killed a hill giant
 12351 | D:10     | HP: 4/82 [orc priest/divine providence (8)]
 12355 | D:10     | HP: 1/82 [poison (a potion of poison)]
 12357 | D:10     | Succumbed to poison (a potion of poison)

Vault maps used:
D:1:      saegor_arrival_simple_d
D:2:      kennysheep_generic_room_4, uniq_terence
D:3:      nicolae_overflow_crystal_walls, uniq_robin
D:4:      first_bread, led_sif_pool, uniq_menkaure
D:5:      elyvilon_altar_4, kennysheep_little_box, serial_shops,
          nicolae_shop_temple_entry_statues_fountains,
          makhleb_blood_cavern_becter
D:6:      minmay_goblin_kobold_castle, serial_shops, shop, portal_sewer_entry_b
D:7:      minmay_temple_entry_butterflies
D:8:      gammafunk_temple_overflow_elements, nicolae_dithmenos_shadow_blocks,
          nicolae_ru_awakened_eye, uniq_erolcha, uniq_psyche
D:9:      kennysheep_mini
D:10:     erik_orc_1, basic_altar
Sewer:    sewer_co_purgy_island

Action                   |  1- 3 |  4- 6 |  7- 9 | 10-12 || total
-------------------------+-------+-------+-------+-------++-------
Melee: Long sword        |    77 |   162 |   685 |   716 ||  1640
Throw: Javelin           |       |       |     4 |       ||     4
Invok: Lesser Servant of |       |       |     1 |     6 ||     7
       Minor Destruction |       |       |       |     3 ||     3
       Major Destruction |       |       |       |     1 ||     1
Evoke: Wand              |       |       |     3 |     3 ||     6
  Use: Potion            |     1 |     3 |    11 |     9 ||    24
       Scroll            |       |       |    10 |     6 ||    16
  Eat: Chunk             |       |     4 |     7 |    10 ||    21
       Bread ration      |       |     1 |     3 |       ||     4
       Pizza             |       |       |       |     1 ||     1
       Beef jerky        |       |       |       |     1 ||     1
       Meat ration       |       |       |       |     1 ||     1
